 Dungeon Crawl Stone Soup version 0.16-a0-4088-g7c8221e (webtiles) character file.

232 achirane the Cutter (level 5, -6/27 HPs)
             Began as a Spriggan Abyssal Knight on Feb 23, 2015.
             Was a Priest of Lugonu.
             Killed from afar by an orc wizard (8 damage)
             ... with a magic dart
             ... on level 3 of the Dungeon on Feb 24, 2015.
             The game lasted 00:20:21 (3361 turns).

achirane the Cutter (Spriggan Abyssal Knight)       Turns: 3361, Time: 00:20:21

Health: -6/27      AC:  3    Str:  8    XL:     5   Next: 73%
Magic:  14/14      EV: 18    Int: 14    God:    Lugonu [***...]
Gold:   115        SH:  0    Dex: 16    Spells: 0 memorised, 4 levels left

rFire  . . .     SeeInvis +     a - +1 short sword
rCold  . . .     Clarity  .     b - +0 robe
rNeg   + . .     SustAb   .     (shield restricted)
rPois  .         Gourm    .     (helmet restricted)
rElec  .         Spirit   .     n - +0 cloak
rCorr  .         Warding  .     (gloves unavailable)
rMut   .         Stasis   .     (boots unavailable)
MR     .....                    (no amulet)
Stlth  +.........               (no ring)
                                s - ring of positive energy

@: very quick, not resistant to hostile enchantments, very unstealthy
A: unfitting armour, see invisible, herbivore 3, speed 3, slow metabolism 2
a: Depart the Abyss, Bend Space, Banish, Renounce Religion


You were on level 3 of the Dungeon.
You worshipped Lugonu.
Lugonu was most pleased with you.
You were not hungry.

You visited 1 branch of the dungeon, and saw 3 of its levels.
You visited the Abyss 1 time.

You collected 115 gold pieces.

Inventory:

Hand weapons
 a - a +1 short sword (weapon)
 t - a +1 hand axe of electrocution
Armour
 b - a +0 robe (worn)
 n - a +0 cloak (worn)
Jewellery
 h - an uncursed ring of see invisible
 s - a ring of positive energy (left hand)
Magical devices
 p - a wand of fire (8)
Scrolls
 e - 5 scrolls of identify {unknown}
 i - a scroll of teleportation {unknown}
 j - a scroll of immolation {unknown}
 k - a scroll of recharging {unknown}
 l - a scroll of remove curse {unknown}
 r - a scroll of fog {unknown}
Potions
 f - 3 potions of heal wounds {unknown}
 g - a potion of degeneration {unknown}
 m - a potion of mutation {unknown}
 q - 2 potions of berserk rage {unknown}
 u - 2 potions of haste {unknown}
Comestibles
 c - a bread ration
 o - 3 fruits


   Skills:
 - Level 2.4 Fighting
 - Level 5.0 Short Blades
 - Level 0.6 Armour
 - Level 3.0 Dodging
 + Level 4.3 Invocations


You had 4 spell levels left.
You didn't know any spells.

Dungeon Overview and Level Annotations

Branches:
Dungeon (3/15)

Altars:
Kikubaaqudgha
Makhleb
Nemelex Xobeh


Innate Abilities, Weirdness & Mutations

You are tiny and cannot use many weapons and most armour.
You have supernaturally acute eyesight.
You are a herbivore.
You cover ground extremely quickly.
You need consume almost no food.


Message History

Throwing (i - inventory):
d - 3 tomahawks (quivered)
Press: ? - help, Shift-Dir - straight line, f/p - orc wizard
Aim: an orc wizard, wielding a dagger and wearing a robe (almost dead)
You throw a tomahawk.
The tomahawk closely misses the orc wizard.
The orc wizard points at you and mumbles some strange words.
The puff of flame misses you.
Throwing (i - inventory):
d - 2 tomahawks (quivered)
Press: ? - help, Shift-Dir - straight line, f/p - orc wizard
Aim: an orc wizard, wielding a dagger and wearing a robe (almost dead)
You throw a tomahawk.
The tomahawk barely misses the orc wizard.
Throwing (i - inventory):
d - a tomahawk (quivered)
Press: ? - help, Shift-Dir - straight line, f/p - orc wizard
Aim: an orc wizard, wielding a dagger and wearing a robe (almost dead)
You throw a tomahawk.
The tomahawk closely misses the orc wizard.
The orc wizard points at you and mumbles some strange words.
The magic dart hits you!
You die...

.((.((.......#(.......# ##.#.
.............#........# #....
........(....#..).....# #..#.
........(####.........# #..#.
##.....#..........##### #####..#.
.......#..(.......#### #..).).#.
.......#.............####)####...
.......#.#..(........#....)# #)..
.........#...(o.@....#.....###...
...##........##......#.....#.....
...##........##...........##.....
..................#.......##.....
...........>......#.......##.<...
......#...........#.......####...
.####.............#.......####...
.# #...).###.####...............
#####............#...###.........


You could see an orc wizard.

Vanquished Creatures
  Crazy Yiuf (D:2)
  2 orc wizards (D:3)
  Terence (D:3)
  2 adders
  4 gnolls (D:3)
  A giant mite (D:1)
  2 worms
  2 giant geckos (D:3)
  11 orcs (D:3)
  4 bats
  3 giant cockroaches
  6 goblins
  7 hobgoblins
  2 quokkas
  5 giant newts
  5 kobolds
  5 rats
  A fungus (D:2)
64 creatures vanquished.

Notes
Turn   | Place    | Note
--------------------------------------------------------------
     0 | Abyss:1  | achirane, the Spriggan Abyssal Knight, began the quest for the Orb.
     0 | Abyss:1  | Reached XP level 1. HP: 11/11 MP: 2/2
     9 | D:1      | Escaped the Abyss
    78 | D:1      | Reached XP level 2. HP: 13/16 MP: 4/4
   250 | D:1      | Acquired Lugonu's second power
   735 | D:2      | Found a sparkling altar of Nemelex Xobeh.
   819 | D:2      | Reached XP level 3. HP: 9/19 MP: 6/6
  1007 | D:2      | Reached skill level 4 in Short Blades
  1563 | D:2      | Found an ancient bone altar of Kikubaaqudgha.
  1564 | D:2      | Found a burning altar of Makhleb.
  1694 | D:2      | Noticed Crazy Yiuf
  1797 | D:2      | Killed Crazy Yiuf
  1797 | D:2      | Reached XP level 4. HP: 23/23 MP: 9/9
  1953 | D:3      | Reached skill level 5 in Short Blades
  1959 | D:3      | Acquired Lugonu's third power
  2078 | D:3      | Noticed Terence
  2364 | D:3      | Killed Terence
  2536 | D:3      | Reached XP level 5. HP: 22/27 MP: 13/13
  3357 | D:3      | HP: 1/27 [orc wizard/magic dart (5)]
  3361 | D:3      | Killed from afar by an orc wizard

Action                   |  1- 3 |  4- 6 || total
-------------------------+-------+-------++-------
Melee: Short sword       |   112 |   115 ||   227
Throw: Tomahawk          |    33 |   121 ||   154
 Stab: Sleeping          |     3 |       ||     3
